 Dungeon Crawl Stone Soup version 0.29-a0-577-gafbf2c5d25 (webtiles) character file.

Game seed: 2362422179359762959

1061 blackman the Cleaver (level 8, -10/58 HPs)
             Began as a Human Monk on June 13, 2022.
             Was a Priest of the Shining One.
             Mangled by an orc warrior
             ... wielding a +0 war axe
              (11 damage)
             ... on level 6 of the Dungeon.
             The game lasted 00:16:51 (4491 turns).

blackman the Cleaver (Human Monk)                   Turns: 4491, Time: 00:16:51

Health: -10/58     AC:  6    Str: 13    XL:     8   Next: 52%
Magic:  8/8        EV: 11    Int: 10    God:    the Shining One [***...]
Gold:   151        SH:  0    Dex: 17    Spells: 7/7 levels left

rFire   . . .      SeeInvis .   t - +0 broad axe
rCold   . . .      Faith    .   (no shield)
rNeg    + . .      Spirit   .   d - +0 ring mail
rPois   .          Reflect  .   (no helmet)
rElec   .          Harm     .   (no cloak)
rCorr   .          Rampage  .   (no gloves)
Will    .....                   r - +0 pair of boots
Stlth   +.........              h - amulet of the acrobat
HPRegen 0.19/turn               (no ring)
MPRegen 0.11/turn               (no ring)

@: hasted, glowing, very quick
A: no striking features
a: Renounce Religion, Divine Shield, Cleansing Flame


You were on level 6 of the Dungeon.
You worshipped the Shining One.
The Shining One was most pleased with you.
You visited 1 branch of the dungeon, and saw 6 of its levels.

You collected 151 gold pieces.

Inventory:

Hand Weapons
 a - a +0 hand axe
 o - a +0 long sword
 s - a +1 vorpal flail
 t - a +0 broad axe (weapon)
 u - a +2 rapier of holy wrath
Armour
 b - a +0 robe
 d - a +0 ring mail (worn)
 e - a +0 kite shield
 r - a +0 pair of boots (worn)
Jewellery
 h - an amulet of the acrobat (around neck)
 n - the amulet of Afidgh {RegenMP +Inv rElec rF+ Dex-2}
   (You found it on level 2 of the Dungeon)

   [amulet of magic regeneration]

   It increases your rate of magic regeneration.
   Dex:       It affects your dexterity (-2).
   rF:        It protects you from fire.
   rElec:     It insulates you from electricity.
   +Inv:      It lets you turn invisible.
Scrolls
 f - a scroll of fear
 g - a scroll of noise
 i - a scroll of summoning
 k - 2 scrolls of teleportation
 p - a scroll of blinking {unknown}
 q - a scroll of immolation
 v - a scroll of fog {unknown}
Potions
 j - 2 potions of mutation {unknown}
 l - 3 potions of degeneration
 m - 2 potions of haste
 w - a potion of resistance {unknown}
 x - a potion of cancellation {unknown}


   Skills:
 - Level 3.0 Fighting
 * Level 9.8(9.9) Axes
 - Level 1.1(6.2) Maces & Flails
 - Level 3.0 Dodging
 - Level 2.0 Stealth


You had 7 spell levels left.
You didn't know any spells.
Your spell library contained the following spells:

 Spells                   Type           Power      Damage    Failure   Level
 Foxfire                  Conj/Fire      0%         2x1d4     63%         1
 Blink                    Tloc           0%         N/A       77%         2
 Poisonous Vapours        Pois/Air       0%         N/A       77%         2
 Conjure Flame            Conj/Fire      0%         6-21      94%         3
 Inner Flame              Hex/Fire       0%         N/A       94%         3
 Lesser Beckoning         Tloc           0%         N/A       94%         3
 Ozocubu's Armour         Ice            0%         N/A       94%         3
 Corpse Rot               Necr/Pois/Air  0%         N/A       100%        4
 Flame Wave               Conj/Fire      0%         2d4       100%        4
 Manifold Assault         Tloc           0%         N/A       100%        5
 Ozocubu's Refrigeration  Ice            0%         4d5       100%        7


Dungeon Overview and Level Annotations

Branches:
Dungeon (6/15)             Temple (0/1) D:5

Altars:
Elyvilon
Kikubaaqudgha
The Shining One

Annotations:
D:1 2 transporters
D:3 Sigmund


Message History

Press: ? - help, v - describe, . - travel The floor.
This square is lit by a halo.
Unknown command.
Press: ? - help, v - describe, . - travel
Here: an orc warrior, wielding a +0 war axe and wearing a +1 chain mail of fire resistance (moderately wounded, haloed)
The floor.
It was a potion of haste.
You feel yourself speed up.
You hit the orc warrior but do no damage.
The orc warrior is moderately wounded.
The orc warrior hits you with a +0 war axe!
You closely miss the orc warrior.
The orc warrior is moderately wounded.
The orc warrior hits you with a +0 war axe.
You hit the orc warrior.
The orc warrior is moderately wounded.
You hit the orc warrior.
The orc warrior is moderately wounded.
The orc warrior hits you but does no damage.
You completely miss the orc warrior.
The orc warrior is moderately wounded.
The orc warrior misses you.
You hit the orc warrior but do no damage.
The orc warrior is moderately wounded.
The orc warrior hits you with a +0 war axe!
* * * LOW HITPOINT WARNING * * *
You completely miss the orc warrior.
The orc warrior is moderately wounded.
You slash the orc warrior!
The orc warrior is severely wounded.
You hear a shout!
The orc warrior hits you with a +0 war axe!
* * * LOW HITPOINT WARNING * * *
You hit the orc warrior but do no damage.
The orc warrior is severely wounded.
The orc warrior barely misses you.
You hit the orc warrior but do no damage.
The orc warrior is severely wounded.
The orc warrior hits you with a +0 war axe!
You die...

....##.#
#.###.###.#.#
.##.##.#
#.###.#.#
.##.##.#
#.....#.#
.......#
.###.......#
###.####
.........###
#.#
#######.#####
###.# #.......#
.†..# #.#.###.#
##### #@#.###.#
#o#)....#
#o......#
#######.oo.....
########.


You could see an orc warrior and an orc.

Vanquished Creatures
  Pikel (D:6)
  A water moccasin (D:6)
  A centaur (D:6)
  A scorpion (D:6)
  A howler monkey (D:6)
  A jelly (D:5)
  A hound (D:6)
  5 iguanas
  An orc wizard (D:6)
  5 adders
  A shadow imp (D:6)
  An ufetubus (D:5)
  A dart slug (D:2)
  3 orcs
  3 bats
  7 endoplasms
  A giant cockroach (D:4)
  7 goblins
  4 hobgoblins
  5 jackals
  5 quokkas
  A ball python (D:1)
  2 frilled lizards
  3 kobolds
  4 rats
66 creatures vanquished.

Notes
Turn   | Place    | Note
-------+----------+-------------------------------------------
     0 | D:1      | blackman the Human Monk began the quest for the Orb.
     0 | D:1      | Reached XP level 1. HP: 18/18 MP: 1/1
   134 | D:1      | Reached XP level 2. HP: 17/24 MP: 2/2
  1301 | D:1      | Reached skill level 4 in Axes
  1301 | D:1      | Reached XP level 3. HP: 29/29 MP: 3/3
  1387 | D:1      | Found a faded altar of an unknown god.
  1390 | D:1      | Prayed at the altar of an unknown god.
  1390 | D:1      | Became a worshipper of the Shining One
  1390 | D:1      | Reached * piety under the Shining One
  1390 | D:1      | Reached ** piety under the Shining One
  1663 | D:2      | Identified the amulet of Afidgh {RegenMP +Inv rElec rF+
                  | Dex-2}
  1725 | D:2      | Reached *** piety under the Shining One
  2137 | D:3      | Noticed Sigmund
  2149 | D:4      | Reached XP level 4. HP: 21/35 MP: 4/4
  2355 | D:4      | Reached skill level 1 in Maces & Flails
  2581 | D:4      | Found a white marble altar of Elyvilon.
  2731 | D:4      | Found an ancient bone altar of Kikubaaqudgha.
  2925 | D:5      | Entered Level 5 of the Dungeon
  2937 | D:5      | Reached skill level 5 in Axes
  2937 | D:5      | Reached XP level 5. HP: 41/41 MP: 5/5
  3253 | D:5      | Reached skill level 6 in Axes
  3253 | D:5      | Reached XP level 6. HP: 30/47 MP: 6/6
  3456 | D:5      | Noticed an ogre
  3591 | D:5      | Found a staircase to the Ecumenical Temple.
  3843 | D:6      | Noticed a water moccasin
  3856 | D:6      | Killed a water moccasin
  3857 | D:6      | Reached skill level 7 in Axes
  3857 | D:6      | Reached XP level 7. HP: 21/52 MP: 4/7
  4163 | D:6      | Noticed Pikel
  4173 | D:6      | Killed Pikel
  4174 | D:6      | Reached skill level 9 in Axes
  4174 | D:6      | Reached XP level 8. HP: 58/58 MP: 4/8
  4489 | D:6      | HP: 1/58 [orc warrior/+0 war axe (9)]
  4491 | D:6      | Mangled by an orc warrior

Illustrated notes

Levels and vault maps discovered:
D:1:      spicycebolla_arrival_transporter_tutorial, layout_basic,
          shapermc_ecumenical_altar_mp_vishouse, minmay_misc_feat_hallway
D:2:      layout_rooms
D:3:      layout_basic, uniq_sigmund
D:4:      layout_rooms, elyvilon_altar_1, kiku_gazebo_pond_becter
D:5:      layout_basic, minmay_temple_entry_overgrown,
          nicolae_ossuary_entry_plus
D:6:      layout_loops_corners, chequers_serial_rivers_micro_d,
          uniq_crazy_yiuf_cottage, uniq_pikel

Skill      XL: |  1  2  3  4  5  6  7 |
---------------+----------------------+-----
Axes           | 4 5 6 7 9 |  9.8
Maces & Flails | 1 |  1.1
Fighting       | |  3.0
Dodging        | |  3.0
Stealth        | |  2.0

Action                   |  1- 3 |  4- 6 |  7- 9 || total
-------------------------+-------+-------+-------++-------
Melee: Hand axe          |   112 |     5 |       ||   117
       Punch             |     2 |       |     1 ||     3
       Broad axe         |       |    55 |    39 ||    94
       Flail             |       |     6 |       ||     6
Invok: Divine Shield     |       |     1 |     1 ||     2
  Use: Scroll            |       |     8 |     2 ||    10
       Potion            |       |       |     2 ||     2
 Stab: Sleeping          |     6 |       |       ||     6
Armor: Robe              |    12 |     6 |       ||    18
       Ring mail         |       |     7 |    10 ||    17
Dodge: Dodged            |    91 |    59 |    32 ||   182
Block: Other             |       |     3 |       ||     3

Table legend: (Time is in decaauts)
 A = Elapsed time spent in this place.
 B = Non-inter-level travel time spent in this place.
 C = Inter-level travel time spent in this place.
 D = Time resting spent in this place.
 E = Time spent auto-exploring this place.
 F = Levels seen in this place.
 G = Mean time per level.
                   A        B        C        D        E       F      G
               +--------+--------+--------+--------+--------+-----+--------+
         Total |   4522 |   4451 |     71 |    220 |   3592 |   6 |  753.7 |
       Dungeon |   4522 |   4451 |     71 |    220 |   3592 |   6 |  753.7 |
               +--------+--------+--------+--------+--------+-----+--------+

Top non-repeatable levels by time:
     D:1: 1447 daAuts
     D:6: 896 daAuts
     D:4: 785 daAuts
     D:5: 683 daAuts
     D:2: 486 daAuts
     D:3: 223 daAuts
